 Dungeon Crawl Stone Soup version 0.28.0-53-g5a82cb258f (webtiles) character file.

Game seed: 14798315554563280690

557 Zeld the Chopper (level 7, -1/64 HPs)
             Began as a Minotaur Berserker on May 23, 2022.
             Was a Believer of Trog.
             Slain by an ogre
             ... wielding a +0 giant club
              (17 damage)
             ... on level 4 of the Dungeon.
             The game lasted 00:03:07 (5001 turns).

Zeld the Chopper (Minotaur Berserker)               Turns: 5001, Time: 00:03:08

Health: -1/64      AC:  6    Str: 24    XL:     7   Next: 9%
Magic:  6/6        EV: 12    Int:  4    God:    Trog [**....]
Gold:   131        SH:  0    Dex:  9    Spells: 6/6 levels left

rFire   . . .      SeeInvis .   a - +0 hand axe
rCold   . . .      Faith    .   (no shield)
rNeg    . . .      Spirit   .   i - +2 leather armour "Xewn" {Slay+2}
rPois   .          Reflect  .   (helmet restricted)
rElec   .          Harm     .   (no cloak)
rCorr   .          Rampage  .   (no gloves)
Will    .....                   q - +0 pair of boots
Stlth   +.........              (no amulet)
HPRegen 0.20/turn               (no ring)
MPRegen 0.10/turn               (no ring)

@: no status effects
A: horns 2, retaliatory headbutt
a: Renounce Religion, Berserk, Trog's Hand


You were on level 4 of the Dungeon.
You worshipped Trog.
Trog was pleased with you.
You visited 1 branch of the dungeon, and saw 4 of its levels.

You collected 285 gold pieces.
You spent 154 gold pieces at shops.

Inventory:

Hand Weapons
 a - a +0 hand axe (weapon)
Armour
 i - the +2 leather armour "Xewn" (worn) {Slay+2}
   (You bought it in a shop on level 3 of the Dungeon)

   Slay:      It affects your accuracy & damage with ranged weapons and melee
   (+2).
 q - a +0 pair of boots (worn)
Wands
 j - a wand of charming (6)
Scrolls
 c - 4 scrolls of identify {unknown}
 e - 2 scrolls of torment {unknown}
 f - a scroll of enchant armour {unknown}
 g - a scroll of noise {unknown}
 h - a scroll of acquirement {unknown}
Potions
 b - a potion of degeneration {unknown}
 d - 2 potions of curing


   Skills:
 * Level 6.3 Fighting
 * Level 6.4 Axes
 + Level 4.3 Armour
 + Level 3.9 Dodging


You had 6 spell levels left.
You didn't know any spells.
Your spell library was empty.

Dungeon Overview and Level Annotations

Branches:
Dungeon (4/15)
 Temple: D:4-7

Altars:
Cheibriados
Dithmenos
Elyvilon

Shops:
D:3 [(

Annotations:
D:4 Pikel


Innate Abilities, Weirdness & Mutations

You have a pair of horns on your head.
You reflexively headbutt those who attack you in melee.


Message History

Key pressed, stopping explore.
No target in view!
c - 3 scrolls labelled JAMI FUULIMI (gained 1)
You see here a ring of wizardry.
e - 2 scrolls labelled GUEH FIXEMOLE (gained 1)
You now have 114 gold pieces (gained 4).
Found a war axe.
No target in view!
No target in view!
No target in view!
Found a stone staircase leading down.
No target in view!
Found a ring mail.
You see here a +0 war axe.
You now have 131 gold pieces (gained 17).
You see here a +0 ring mail.
Found a book of Iron.
c - 4 scrolls labelled JAMI FUULIMI (gained 1)
An ogre comes into view. It is wielding a +0 giant club.
The ogre shouts!
The ogre hits you with a +0 giant club!
An ogre is nearby!
You hit the ogre.
The ogre is lightly wounded.
The ogre barely misses you.
An ogre is nearby!
You completely miss the ogre.
The ogre is lightly wounded.
You slash the ogre!
The ogre is heavily wounded.
The ogre hits you with a +0 giant club!!
You hit the ogre. Your headbutt misses the ogre.
The ogre is heavily wounded.
The ogre hits you with a +0 giant club!!
* * * LOW HITPOINT WARNING * * *
You are too injured to fight recklessly!
You hit the ogre. You headbutt the ogre!
The ogre is almost dead.
The ogre hits you with a +0 giant club!
You die...

......# ..... ... .....
##### # ... ... #...# #
.... ... #...##### .....
#.# #........
.....#####O## #...#....
.:.......#@##.## #.....###
..........?....####...###
....##..###.#......#.###..
. ...##..##...............
#.##...###..##........#
#....#.##...#.......#.#
#....#....#...........#
##...##..............##
#........#...........#


You could see an ogre.

Vanquished Creatures
  2 phantoms (D:4)
  3 lemures
  A scorpion (D:4)
  A jelly (D:4)
  An orc priest (D:3)
  Terence (D:2)
  An orc wizard (D:3)
  Natasha (thrice) (D:2)
  A killer bee zombie (D:3)
  3 gnolls (D:3)
  4 adders
  5 worms
  3 dart slugs
  3 orcs (D:3)
  4 ball pythons
  An endoplasm (D:1)
  2 giant cockroaches
  3 goblins
  5 hobgoblins
  8 kobolds
  3 quokkas
  4 bats
  2 frilled lizards
  5 rats
69 creatures vanquished.

Notes
Turn   | Place    | Note
-------+----------+-------------------------------------------
     0 | D:1      | Zeld the Minotaur Berserker began the quest for the Orb.
     0 | D:1      | Reached XP level 1. HP: 19/19 MP: 0/0
   164 | D:1      | Found a faded altar of an unknown god.
   263 | D:1      | Reached XP level 2. HP: 26/27 MP: 1/1
  1156 | D:2      | Reached XP level 3. HP: 33/33 MP: 2/2
  1260 | D:2      | You fall into a shaft and drop 2 floors!
  1278 | D:3      | Found a white marble altar of Elyvilon.
  1568 | D:2      | Noticed Natasha
  1576 | D:2      | Killed Natasha
  1577 | D:2      | Reached XP level 4. HP: 28/41 MP: 3/3
  1619 | D:2      | Noticed Natasha
  1626 | D:2      | Killed Natasha
  1626 | D:2      | Reached ** piety under Trog
  1895 | D:2      | Noticed Terence
  1911 | D:2      | Killed Terence
  1912 | D:2      | Reached skill level 5 in Axes
  2220 | D:2      | Reached XP level 5. HP: 37/47 MP: 4/4
  2837 | D:2      | Noticed Natasha
  2843 | D:2      | Killed Natasha
  2844 | D:2      | Reached skill level 5 in Fighting
  3258 | D:3      | Found Wentisumn's Antique Armour Shoppe.
  3279 | D:3      | Bought a shimmering leather armour for 154 gold pieces
  3279 | D:3      | Identified the +2 leather armour "Xewn" {Slay+2} (You
                  | bought it in a shop on level 3 of the Dungeon)
  3429 | D:3      | Reached XP level 6. HP: 45/56 MP: 5/5
  3686 | D:3      | Found Gisy's Weapon Shoppe.
  3798 | D:4      | Found a snail-covered altar of Cheibriados.
  3819 | D:4      | Reached XP level 7. HP: 7/63 MP: 6/6
  4153 | D:4      | Found a shadowy altar of Dithmenos.
  4165 | D:4      | Noticed Pikel
  5001 | D:4      | Slain by an ogre

Illustrated notes

Levels and vault maps discovered:
D:1:      minmay_arrival_plants_in_alcoves, layout_loops_ring,
          ebering_ecumenical_altar_sacrificial, chequers_serial_rivers_micro_e
D:2:      layout_rooms, grunt_ministairs_1, uniq_natasha, uniq_terence
D:3:      layout_loops_cross, amcnicky_altar_gilded, serial_shops,
          nicolae_shop_stone, nicolae_square_shop, serial_bayou_pond_c,
          ebering_dispersal_statue_hall
D:4:      kennysheep_kobold_camp, layout_rooms, grunt_dithmenos_smoke,
          mainiacjoe_overflow_tiny_flanked, uniq_pikel

Skill      XL: |  1  2  3  4  5  6 |
---------------+-------------------+-----
Axes           | 4 5 6 |  6.4
Fighting       | 4 5 6 |  6.3
Armour         | 3 4 |  4.3
Dodging        | 3 |  3.9

Action                   |  1- 3 |  4- 6 |  7- 9 || total
-------------------------+-------+-------+-------++-------
Melee: Hand axe          |    66 |   107 |    32 ||   205
       Headbutt          |    10 |    14 |     5 ||    29
       Punch             |       |     1 |     1 ||     2
Armor: Animal skin       |    10 |     6 |       ||    16
       Leather armour    |       |    18 |     6 ||    24
Dodge: Dodged            |    48 |    59 |    24 ||   131
